 Dungeon Crawl Stone Soup version 0.28-a0-925-gd5e1996cdb (webtiles) character file.

Game seed: 12252358718148003831

5555 ytrimaz the Spear-Bearer (level 11, -1/82 HPs)
             Began as a Formicid Fighter on Nov 26, 2021.
             Was an Elder of Cheibriados.
             Killed from afar by an electric eel (11 damage)
             ... with a bolt of electricity
             ... on level 10 of the Dungeon.
             The game lasted 00:12:16 (10921 turns).

ytrimaz the Spear-Bearer (Formicid Fighter)        Turns: 10921, Time: 00:12:17

Health: -1/82      AC: 20    Str: 33    XL:     11   Next: 2%
Magic:  15/15      EV:  8    Int: 17    God:    Cheibriados [****..]
Gold:   580        SH:  9    Dex: 19    Spells: 10/10 levels left

rFire   + . .      SeeInvis +   p - +2 halberd (venom)
rCold   + . .      Faith    .   c - +3 buckler
rNeg    . . .      Spirit   .   l - +2 plate armour
rPois   .          Reflect  .   (helmet unavailable)
rElec   .          Harm     .   (no cloak)
rCorr   .          Rampage  .   u - +0 pair of gloves
Will    +....                   (no boots)
Stlth   ..........              A - amulet of the acrobat
HPRegen 0.23/turn               e - ring of protection from fire
MPRegen 0.14/turn               k - +4 ring of protection

@: very slow
A: permanent stasis, dig shafts and tunnels, antennae 3, four strong arms, cold
resistance 1, mutation resistance 1
a: Dig, Shaft Self, Renounce Religion, Bend Time, Temporal Distortion, Slouch


You were on level 10 of the Dungeon.
You worshipped Cheibriados.
Cheibriados was greatly pleased with you.
You visited 2 branches of the dungeon, and saw 11 of its levels.

You collected 580 gold pieces.

Inventory:

Hand Weapons
 a - a +1 trident of freezing
 p - a +2 halberd of venom (weapon)
 F - a +1 halberd
Missiles
 h - 50 poisoned darts (quivered)
 s - 2 throwing nets
Armour
 c - a +3 buckler (worn)
 l - a +2 plate armour (worn)
 u - a +0 pair of gloves (worn)
Jewellery
 e - a ring of protection from fire (left hand)
 f - a ring of flight
 k - a +4 ring of protection (right hand)
 q - a ring of protection from fire
 r - a ring of ice
 t - a ring of ice
 A - an amulet of the acrobat (around neck)
Wands
 D - a wand of acid (15)
Scrolls
 j - 2 scrolls of immolation
 n - a scroll of amnesia
 v - 2 scrolls of enchant weapon
 w - a scroll of fog
 y - a scroll of summoning
 B - 2 scrolls of magic mapping
Potions
 b - a potion of cancellation {unknown}
 d - 3 potions of might
 g - 3 potions of attraction
 i - 8 potions of curing
 m - 4 potions of flight
 o - a potion of invisibility
 x - 2 potions of heal wounds
 z - a potion of berserk rage {unknown}
 C - a potion of brilliance {unknown}


   Skills:
 + Level 6.3 Fighting
 * Level 12.2 Polearms
 + Level 7.7 Armour
 - Level 4.1 Shields
 * Level 6.5 Invocations


You had 10 spell levels left.
You didn't know any spells.
Your spell library contained the following spells:

 Spells                   Type           Power      Damage    Failure   Level
 Summon Small Mammal      Summ           0%         N/A       85%         1
 Call Canine Familiar     Summ           0%         N/A       99%         3
 Dazzling Flash           Conj/Hex       0%         N/A       99%         3
 Summon Guardian Golem    Hex/Summ       0%         N/A       99%         3
 Fulminant Prism          Conj/Hex       0%         3d6       100%        4
 Iskenderun's Mystic Bla  Conj/Tloc      0%         2d3       100%        4
 Lee's Rapid Deconstruct  Erth           0%         3d5*      100%        5
 Starburst                Conj/Fire      0%         6d3       100%        6


Dungeon Overview and Level Annotations

Branches:
Dungeon (10/15)            Temple (1/1) D:7            Lair (0/6) D:8
    Orc: D:9-12

Altars:
Ashenzari
Cheibriados
Dithmenos
Elyvilon
Fedhas
Gozag
Kikubaaqudgha
Makhleb
Nemelex Xobeh
Qazlal
Ru
Sif Muna
Trog
Uskayaw
Vehumet
Wu Jian
Xom
Yredelemnul
Zin
The Shining One

Annotations:
D:8 1 runed translucent door, a11behringer's ghost, novice DrCA


Innate Abilities, Weirdness & Mutations

You cannot be hasted, slowed, berserked, paralysed or teleported.
You can dig through walls and to a lower floor.
You have a pair of large antennae on your head. (SInv)
Your four strong arms can wield two-handed weapons with a shield.
Your flesh is cold resistant. (rC+)
You are somewhat resistant to further mutation.


Message History

The electric eel shoots out a bolt of lightning at you!
The bolt of electricity hits you!
The electric eel shoots out a bolt of lightning at you!
The bolt of electricity hits you but does no damage.
Things that are here:
a +1 spear of venom; a +0 spear; +0 acid dragon scales
Items here: )))) [.
The electric eel shoots out a bolt of lightning at you!
The bolt of electricity hits you.
The electric eel shoots out a bolt of lightning at you!
The bolt of electricity hits you!
The electric eel shoots out a bolt of lightning at you!
The bolt of electricity hits you.
The electric eel shoots out a bolt of lightning at you!
The bolt of electricity hits you!
The electric eel shoots out a bolt of lightning at you!
The bolt of electricity hits you!
The electric eel shoots out a bolt of lightning at you!
The bolt of electricity hits you but does no damage.
The electric eel shoots out a bolt of lightning at you!
The bolt of electricity misses you. The bolt of electricity hits you.
The electric eel shoots out a bolt of lightning at you!
The bolt of electricity hits you!
The electric eel shoots out a bolt of lightning at you!
The bolt of electricity hits you!
The electric eel shoots out a bolt of lightning at you!
The bolt of electricity hits the electric eel.
The electric eel completely resists.
The bolt of electricity hits you!
* * * LOW HITPOINT WARNING * * *
The electric eel shoots out a bolt of lightning at you!
The bolt of electricity hits you!
* * * LOW HITPOINT WARNING * * *
The electric eel shoots out a bolt of lightning at you!
The bolt of electricity hits you but does no damage.
There is a stone staircase leading up here.
Unknown command.
The electric eel shoots out a bolt of lightning at you!
The bolt of electricity hits the electric eel.
The electric eel completely resists.
The bolt of electricity hits you!
You die...

#≈≈≈≈≈≈≈≈≈≈≈≈≈≈≈.≈≈≈# #≈≈≈
≈≈≈≈≈≈≈≈≈≈≈≈≈≈.≈≈≈≈≈≈ ≈≈≈≈
≈≈≈≈≈≈≈≈≈≈≈≈≈≈≈≈≈≈≈≈≈##≈≈≈
≈≈≈≈≈≈(≈≈≈#≈≈≈≈≈≈≈≈≈≈≈≈≈
≈≈S≈≈.≈≈≈S≈≈≈≈≈#≈≈≈≈≈≈≈
#≈≈≈≈.≈S≈≈SS≈≈.#≈≈≈≈≈.
##...#.#...≈..##.....#
#..<##<.#...##..#.#.#.
##..#@#..#.#...#.###.#
#......##...#...#....
#.#####.#.####.#..###
##..#>.#.#.##=####...
###...........# ####
#############


You could see 4 electric eels.

Vanquished Creatures
  3 unseen horrors
  2 kobold demonologists (D:9)
  A hornet (D:8)
  A wyvern (D:9)
  An acid dragon (D:10)
  3 wargs (D:8)
  2 water moccasins
  A black bear (D:8)
  A sky beast (D:5)
  2 ogres
  An ice beast (D:8)
  A centaur (D:9)
  4 kobold brigands
  6 bullfrogs
  A gnoll sergeant (D:10)
  4 wights (D:9)
  3 howler monkeys
  4 crimson imps (D:6)
  5 centaur zombies
  A jelly (D:8)
  3 bullfrog skeletons
  3 hounds
  5 orc priests
  A gnoll shaman (D:4)
  An iron imp (D:3)
  A centaur skeleton (D:5)
  Ijyb (D:4)
  An iguana (D:4)
  7 orc wizards
  A howler monkey zombie (D:8)
  4 adders
  9 gnolls
  2 white imps
  3 worms
  3 dart slugs
  12 orcs
  6 ball pythons
  3 bats
  8 endoplasms
  5 giant cockroaches
  5 goblins
  4 hobgoblins
  7 jackals
  23 kobolds
  3 quokkas
  15 frilled lizards
  3 rats
186 creatures vanquished.

Vanquished Creatures (others)
  A kobold demonologist (D:9)
  A kobold (D:9)
  6 plants
8 creatures vanquished.

Grand Total: 194 creatures vanquished

Notes
Turn   | Place    | Note
-------+----------+-------------------------------------------
     0 | D:1      | ytrimaz the Formicid Fighter began the quest for the Orb.
     0 | D:1      | Reached XP level 1. HP: 18/18 MP: 1/1
   130 | D:1      | Reached XP level 2. HP: 24/24 MP: 2/2
   328 | D:1      | Reached XP level 3. HP: 29/29 MP: 3/3
  1270 | D:2      | Reached skill level 3 in Polearms
  1380 | D:2      | Reached XP level 4. HP: 35/36 MP: 4/4
  1559 | D:2      | Gained mutation: Your flesh is cold resistant. (rC+)
                  | [potion of mutation]
  2072 | D:3      | Found a snail-covered altar of Cheibriados.
  2180 | D:3      | Reached XP level 5. HP: 42/42 MP: 5/5
  2366 | D:3      | Became a worshipper of Cheibriados the Contemplative
  2450 | D:3      | Found a faded altar of an unknown god.
  2812 | D:4      | Reached skill level 4 in Polearms
  2822 | D:4      | You fall into a shaft and drop 2 floors!
  3466 | D:6      | Found an opulent altar of Gozag.
  3633 | D:6      | Reached skill level 1 in Invocations
  3633 | D:6      | Reached XP level 6. HP: 48/48 MP: 6/6
  3676 | D:6      | Reached skill level 5 in Polearms
  4001 | D:6      | Noticed an unseen horror
  4021 | D:6      | Killed an unseen horror
  4022 | D:6      | Reached skill level 6 in Polearms
  4022 | D:6      | Reached skill level 5 in Armour
  4022 | D:6      | Reached XP level 7. HP: 35/54 MP: 8/8
  4296 | D:6      | Found a white marble altar of Elyvilon.
  4319 | D:6      | Found a shimmering altar of Xom.
  4324 | D:6      | Reached XP level 8. HP: 60/60 MP: 8/10
  4516 | D:5      | Entered Level 5 of the Dungeon
  4765 | D:4      | Reached * piety under Cheibriados
  5407 | D:4      | Noticed Ijyb
  5419 | D:4      | Killed Ijyb
  5420 | D:4      | Reached skill level 7 in Polearms
  6260 | D:5      | Reached skill level 8 in Polearms
  6260 | D:5      | Reached XP level 9. HP: 63/67 MP: 10/12
  6593 | D:7      | Reached ** piety under Cheibriados
  6810 | D:7      | Reached skill level 9 in Polearms
  6938 | D:7      | Found a staircase to the Ecumenical Temple.
  7122 | D:7      | Reached skill level 5 in Fighting
  7468 | Temple   | Entered the Ecumenical Temple
  7786 | D:8      | Found an ornate altar of the Wu Jian Council.
  7786 | D:8      | Noticed an unseen horror
  7791 | D:8      | Killed an unseen horror
  7792 | D:8      | Reached skill level 10 in Polearms
  7792 | D:8      | Reached skill level 5 in Invocations
  7864 | D:8      | Noticed a hornet
  7876 | D:8      | Killed a hornet
  7877 | D:8      | Reached XP level 10. HP: 63/74 MP: 13/13
  8031 | D:8      | Found a runed translucent door.
  8032 | D:8      | Noticed a11behringer's ghost (novice DrCA)
  8182 | D:8      | Found a staircase to the Lair.
  8186 | D:8      | Reached *** piety under Cheibriados
  8196 | D:8      | Reached skill level 11 in Polearms
  8733 | D:9      | Noticed a kobold demonologist
  8746 | D:9      | Noticed an orange demon
  8746 | D:9      | Killed a kobold demonologist
  8748 | D:9      | Noticed a kobold demonologist
  8750 | D:9      | Noticed a kobold demonologist
  8757 | D:9      | Noticed a soul eater
  8757 | D:9      | Noticed a smoke demon
  8758 | D:9      | Killed a kobold demonologist
  8765 | D:9      | Killed a kobold demonologist
  8771 | D:9      | Reached **** piety under Cheibriados
  9041 | D:9      | Lost mutation: Your flesh is cold resistant. (rC+) [potion
                  | of mutation]
  9041 | D:9      | Gained mutation: You are robust. (+10% HP) [potion of
                  | mutation]
  9041 | D:9      | Gained mutation: Your body sometimes deteriorates upon
                  | taking damage. [potion of mutation]
  9041 | D:9      | Gained mutation: Your flesh is heat resistant. (rF+)
                  | [potion of mutation]
  9042 | D:9      | Lost mutation: Your flesh is heat resistant. (rF+) [potion
                  | of mutation]
  9042 | D:9      | Lost mutation: Your body sometimes deteriorates upon taking
                  | damage. [potion of mutation]
  9042 | D:9      | Lost mutation: You are robust. (+10% HP) [potion of
                  | mutation]
  9042 | D:9      | Gained mutation: Your flesh is cold resistant. (rC+)
                  | [potion of mutation]
  9042 | D:9      | Gained mutation: You are somewhat resistant to further
                  | mutation. [potion of mutation]
  9255 | D:9      | Reached skill level 12 in Polearms
  9271 | D:9      | Found a stormy altar of Qazlal.
  9285 | D:9      | Found a basalt altar of Yredelemnul.
  9621 | D:10     | Entered Level 10 of the Dungeon
 10221 | D:10     | Noticed an unseen horror
 10235 | D:10     | Killed an unseen horror
 10236 | D:10     | Reached XP level 11. HP: 10/81 MP: 15/15
 10921 | D:10     | Killed from afar by an electric eel

Illustrated notes

Levels and vault maps discovered:
D:1:      evilmike_arrival_hilbert_curve, layout_basic, minmay_misc_feat_cross
D:2:      layout_loops_ring, kennysheep_nondescript, serial_bayou_ford_a,
          grunt_ministairs_1
D:3:      layout_loops_ring, slow_altar_2, basic_ecumenical_altar,
          minmay_lizard_king
D:4:      layout_basic, portal_sewer_entry_d, kennysheep_cluttered_room,
          uniq_ijyb
D:5:      layout_rooms, serial_bayou, serial_bayou_pond_d, serial_bayou_pond_a,
          serial_bayou_shore_b, serial_bayou_shore_b
D:6:      layout_basic, mainiacjoe_overflow_surrounded_room, led_xom_imps,
          grunt_gozag_breadcrumbs
D:7:      layout_basic, minmay_temple_entry_proselytizer
D:8:      layout_loops_ring, kennysheep_little_box, erik_lair_orcish_takeover,
          hellmonk_ghost_happy_afterlife, st_stairs_6,
          nicolae_concentric_dashed_squares_mild
D:9:      layout_rooms, nicolae_overflow_hidden_temple
D:10:     erik_rubicon_b, layout_cave_pods, okawaru_humans, david_orc_4
Temple:   dshaligram_water_room_temple

Skill      XL: |  1  2  3  4  5  6  7  8  9 10 |
---------------+-------------------------------+-----
Shields        | 4 |  4.1
Polearms       | 3 4 6 8 10 12 | 12.2
Armour         | 4 5 6 7 |  7.7
Invocations    | 1 2 4 5 6 |  6.5
Fighting       | 4 5 6 |  6.3

Action                   |  1- 3 |  4- 6 |  7- 9 | 10-12 || total
-------------------------+-------+-------+-------+-------++-------
Melee: Trident           |   100 |   151 |    46 |       ||   297
       Halberd           |       |       |   160 |   168 ||   328
Throw: Dart              |       |     3 |     9 |    31 ||    43
 Abil: Shaft Self        |       |     1 |       |       ||     1
       Dig               |       |       |       |     2 ||     2
  Use: Scroll            |     3 |     5 |    13 |     3 ||    24
       Potion            |       |     1 |     1 |     3 ||     5
Armor: Scale mail        |    37 |    27 |       |       ||    64
       Plate armour      |       |    25 |    65 |    97 ||   187
       Skin              |       |       |     2 |       ||     2
Dodge: Dodged            |    34 |    35 |    51 |    71 ||   191
Block: Buckler           |    17 |    34 |    68 |    88 ||   207

Table legend: (Time is in decaauts)
 A = Elapsed time spent in this place.
 B = Non-inter-level travel time spent in this place.
 C = Inter-level travel time spent in this place.
 D = Time resting spent in this place.
 E = Time spent auto-exploring this place.
 F = Levels seen in this place.
 G = Mean time per level.
                   A        B        C        D        E       F      G
               +--------+--------+--------+--------+--------+-----+--------+
         Total |  12993 |  12216 |    777 |   2225 |   8102 |  11 | 1181.2 |
       Dungeon |  12860 |  12112 |    748 |   2225 |   8014 |  10 | 1286.0 |
        Temple |    133 |    104 |     29 |      0 |     88 |   1 |  133.0 |
               +--------+--------+--------+--------+--------+-----+--------+

Top non-repeatable levels by time:
     D:6: 1976 daAuts
     D:4: 1800 daAuts
     D:9: 1663 daAuts
     D:8: 1248 daAuts
     D:7: 1201 daAuts
    D:10: 1170 daAuts
     D:1: 1024 daAuts
     D:3: 1000 daAuts
     D:5: 913 daAuts
     D:2: 860 daAuts
  Temple: 133 daAuts
